 Dungeon Crawl Stone Soup version 0.18-a0-1120-g03bd624 (webtiles) character file.

228 Borgoz the Sneak (level 5, -2/26 HPs)
             Began as a Spriggan Assassin on Jan 17, 2016.
             Killed by nerve-wracking pain
             ... invoked by an orc priest
              (9 damage)
             ... on level 3 of the Dungeon.
             The game lasted 00:03:51 (3040 turns).

Borgoz the Sneak (Spriggan Assassin)                Turns: 3040, Time: 00:03:51

Health: -2/26      AC:  3    Str:  7    XL:     5   Next: 70%
Magic:  6/6        EV: 20    Int: 13    God:
Gold:   141        SH:  0    Dex: 18    Spells: 0 memorised, 4 levels left

rFire  . . .     SeeInvis +     a - +1 dagger (elec)
rCold  . . .     Gourm    .     c - +0 robe
rNeg   . . .     Faith    .     (shield restricted)
rPois  .         Spirit   .     (helmet restricted)
rElec  .         Dismiss  .     d - +0 cloak
rCorr  .         Reflect  .     (gloves unavailable)
SustAt +         Harm     .     (boots unavailable)
MR     .....                    (no amulet)
Stlth  ++++......               (no ring)
                                p - ring of sustain attributes

@: very quick, not resistant to hostile enchantments, stealthy
A: unfitting armour, see invisible, herbivore 3, speed 3, slow metabolism 2
a: no special abilities


You were on level 3 of the Dungeon.
You were not hungry.

You visited 1 branch of the dungeon, and saw 3 of its levels.

You collected 141 gold pieces.

Inventory:

Hand Weapons
 a - a +1 dagger of electrocution (weapon)
 b - a +0 blowgun
Missiles
 e - 34 poisoned needles
 f - 2 curare-tipped needles
Armour
 c - a +0 robe (worn)
 d - a +0 cloak (worn)
Jewellery
 p - a ring of sustain attributes (left hand)
Scrolls
 i - a scroll of noise {unknown}
 j - 4 scrolls of remove curse {unknown}
 m - a scroll of random uselessness {unknown}
 o - a scroll of fog {unknown}
 t - a scroll of teleportation {unknown}
 v - 2 scrolls of identify {unknown}
Potions
 h - 4 potions of curing {unknown}
 l - a potion of ambrosia {unknown}
 n - a potion of agility {unknown}
 q - a potion of flight {unknown}
 u - a potion of mutation {unknown}
 w - a potion of resistance {unknown}
 x - a potion of berserk rage {unknown}
 z - a potion of magic {unknown}
Comestibles
 g - 2 bread rations
 k - 2 slices of pizza
 r - 4 fruits
 s - a royal jelly


   Skills:
 + Level 2.2 Fighting
 + Level 3.7 Short Blades
 - Level 2.0 Throwing
 * Level 4.8 Dodging
 * Level 7.6 Stealth


You had 4 spell levels left.
You didn't know any spells.

Dungeon Overview and Level Annotations

Branches:
Dungeon (3/15)

Altars:
Nemelex Xobeh
Pakellas
Qazlal
Beogh


Innate Abilities, Weirdness & Mutations

You are tiny and cannot use many weapons and most armour.
You have supernaturally acute eyesight.
You are a herbivore.
You cover ground extremely quickly.
You need consume almost no food.


Message History

There is an open door here.
You closely miss the orc.
The orc shouts!
The orc priest shouts!
You hit the orc.
The orc is heavily wounded.
The orc barely misses you. The orc hits you but does no damage.
You hit the orc.
You kill the orc!
The orc hits you.
You hit the orc.
The orc is lightly wounded.
The orc priest invokes the aid of Beogh against you.
Something smites you!
Ouch! That really hurt!
* * * LOW HITPOINT WARNING * * *
The orc hits you but does no damage.
There is an open door here.
The orc priest mumbles some strange prayers to Beogh against you.
Pain shoots through your body!
You die...

#...# ####. ###### #.### #....
.....# #.# #.... ###..# #####
#.... ###..##### ##..$#######.#.
#.......)# ###o8.8$#......#.
#.#..###.##### #.'...$_#########
.....# #.....####.#†8.8$# #..
....## #####....@.##$$.## ##.#
#.### ############# #... #.#
####.####### #... #.######
#..........# #(..
#......#########.##..)# #.# #...
######.##.....#.#†#...###.####...
#.##......###.....##........
#.##.....###................
######.##......###.....##........


You could see an orc priest.

Vanquished Creatures
  The ghost of gorblad the Sneak, an amateur SpAs (D:3)
  2 worker ants (D:3)
  3 adders
  An ooze (D:2)
  2 worms (D:3)
  4 giant geckos
  An orc (D:3)
  11 bats
  6 giant cockroaches
  11 goblins
  8 hobgoblins
  4 jackals (D:3)
  11 kobolds
  4 giant newts
  2 rats
71 creatures vanquished.

Notes
Turn   | Place    | Note
--------------------------------------------------------------
     0 | D:1      | Borgoz the Spriggan Assassin began the quest for the Orb.
     0 | D:1      | Reached XP level 1. HP: 10/10 MP: 2/2
   204 | D:1      | Reached XP level 2. HP: 10/15 MP: 3/3
   349 | D:1      | Reached skill level 6 in Stealth
   829 | D:1      | Reached XP level 3. HP: 16/18 MP: 4/4
  1296 | D:2      | Found a stormy altar of Qazlal.
  1691 | D:2      | Found a sparkling altar of Nemelex Xobeh.
  1728 | D:2      | Reached XP level 4. HP: 14/23 MP: 5/5
  2211 | D:3      | Found an oddly glowing altar of Pakellas.
  2224 | D:3      | Reached skill level 7 in Stealth
  2275 | D:3      | Reached XP level 5. HP: 16/26 MP: 6/6
  2710 | D:3      | Noticed gorblad's ghost (amateur SpAs)
  2728 | D:3      | Killed gorblad's ghost
  3031 | D:3      | Found a roughly hewn altar of Beogh.
  3040 | D:3      | Killed from afar by an orc priest

Vault maps used:
D:1:      minmay_arrival_three_doors, st_stairs_6
D:2:      nemelex_deck, lemuel_crystal_altar, first_bread, st_stairs_11,
          minmay_fountain_box, nicolae_underground_beach
D:3:      grunt_pakellas_salt, kennysheep_orc_chapel

Action                   |  1- 3 |  4- 6 || total
-------------------------+-------+-------++-------
Melee: Dagger            |   130 |   102 ||   232
 Stab: Sleeping          |    15 |    11 ||    26
       Distracted        |     3 |       ||     3
